 Dungeon Crawl Stone Soup version 0.30-a0-331-g8ab09dc110 (webtiles) character file.

Game seed: 3877194327774223129

147 koil the Grave Robber (level 5, -3/38 HPs)
             Began as a Demonspawn Necromancer on Oct 30, 2022.
             Slain by Taurus's ghost (6 damage)
             ... on level 2 of the Dungeon.
             The game lasted 00:07:41 (2829 turns).

koil the Grave Robber (Demonspawn Necromancer)      Turns: 2829, Time: 00:07:42

Health: -3/38      AC:  7    Str:  8    XL:     5   Next: 8%
Magic:  9/9        EV: 12    Int: 18    God:
Gold:   157        SH:  0    Dex: 14    Spells: 5/9 levels left

rFire   . . .      SeeInvis .    a - +0 short sword (freeze)
rCold   . . .      Faith    .    (no shield)
rNeg    . . .      Spirit   .    d - +0 robe
rPois   .          Reflect  .    (no helmet)
rElec   .          Harm     .    j - +0 cloak
rCorr   .          Rampage  .    (no gloves)
Will    .....                    (no boots)
Stlth   ++........               (no amulet)
HPRegen 0.26/turn                h - +4 ring of protection
MPRegen 0.11/turn                (no ring)

@: no status effects
A: demonic guardian 2
a: no special abilities


You were on level 2 of the Dungeon.
You visited 1 branch of the dungeon, and saw 3 of its levels.

You collected 157 gold pieces.

Inventory:

Hand Weapons
 a - a +0 short sword of freezing (weapon)
 s - a +0 dagger of chaos
Missiles
 k - 12 poisoned darts
Armour
 d - a +0 robe (worn)
 j - a +0 cloak (worn)
Jewellery
 h - a +4 ring of protection (left hand)
Wands
 p - a wand of flame (23)
Scrolls
 f - a scroll of poison {unknown}
 g - 2 scrolls of enchant armour {unknown}
 i - a scroll of teleportation {unknown}
 n - 3 scrolls of identify {unknown}
 q - 3 scrolls of immolation {unknown}
Potions
 b - a potion of magic
 c - 2 potions of flight {unknown}
 e - a potion of lignification {unknown}
 l - a potion of mutation {unknown}
 m - 2 potions of heal wounds {unknown}
 o - a potion of curing {unknown}
 r - a potion of might {unknown}


   Skills:
 + Level 1.9 Fighting
 + Level 2.6 Dodging
 + Level 2.7 Stealth
 + Level 2.8 Spellcasting
 + Level 5.0 Necromancy


You had 5 spell levels left.
You knew the following spells:

 Your Spells              Type           Power      Damage    Failure   Level
a - Necrotise             Necr           80%        1d8       1%          1
b - Vampiric Draining     Necr           20%        2d7       6%          3

Your spell library contained the following spells:

 Spells                   Type           Power      Damage    Failure   Level
 Animate Dead             Necr           20%        N/A       21%         4
 Hailstorm                Conj/Ice       2%         3d3       45%         3
 Agony                    Necr           20%        N/A       50%         5
 Ice Form                 Ice/Tmut       2%         N/A       86%         4
 Simulacrum               Ice/Necr       5%         N/A       100%        6


Dungeon Overview and Level Annotations

Branches:
Dungeon (3/15)

Altars:
Makhleb
Okawaru
Uskayaw
Wu Jian
Xom

Annotations:
D:2 Taurus's ghost, amateur MiFi


Innate Abilities, Weirdness & Mutations

A demonic guardian rushes to your aid.


Message History

* * * LOW HITPOINT WARNING * * *
Taurus's ghost attacks as you move away!
Taurus's ghost barely misses you.
Taurus's ghost attacks as you move away!
Taurus's ghost hits you but does no damage.
Taurus's ghost attacks as you move away!
Taurus's ghost hits you.
* * * LOW HITPOINT WARNING * * *
Taurus's ghost attacks as you move away!
Taurus's ghost completely misses you.
There is a stone staircase leading up here.
Taurus's ghost hits you.
* * * LOW HITPOINT WARNING * * *
A demonic guardian appears!
You climb upwards.
There is a stone staircase leading down here.
Taurus's ghost hits you but does no damage.
Taurus's ghost attacks as you move away!
Taurus's ghost barely misses you.
Taurus's ghost attacks as you move away!
Taurus's ghost hits you.
* * * LOW HITPOINT WARNING * * *
Aiming: Throw Flame
Press: ? - help, Shift-Dir - straight line, f - Taurus's ghost
Aim: Taurus's ghost (72% to hit)
The puff of flame hits Taurus's ghost.
Taurus's ghost is lightly damaged.
Taurus's ghost hits you.
* * * LOW HITPOINT WARNING * * *
You hit Taurus's ghost but do no damage.
Taurus's ghost is lightly damaged.
Taurus's ghost hits you but does no damage.
You hit Taurus's ghost. You freeze Taurus's ghost.
Taurus's ghost is moderately damaged.
Taurus's ghost says, "I am invincible!"
Taurus's ghost barely misses you.
You closely miss Taurus's ghost.
Taurus's ghost is moderately damaged.
Taurus's ghost hits you.
You die...

#.# #.#####.###.#.# #...####
#.######........##.#.#####.......
#.........####..##...........####
#.######.###>.........########
#.# #.# #.##.#####.###########
#.# #.# #.##.# #...>......... #.#
#.# #.##.## #..########### #.#
#.# #.##.W###..# #.### #.#
#....@.....# #...# #.#
#..........# #.#.# #.#
#..........# ..#.# #.#
#..........# ###.# #.#
##........## # #<# #.# #........#
#.####.# #........# ##.#....#
####.###.# #†......#######.###.#


You could see Taurus's ghost.

Vanquished Creatures
  A hound (D:3)
  A gnoll (D:1)
  3 adders (D:2)
  3 worms (D:2)
  3 bats (D:2)
  2 endoplasms
  3 giant cockroaches
  A goblin (D:2)
  6 hobgoblins
  4 kobolds
  2 quokkas
  3 ball pythons
  2 frilled lizards (D:3)
  2 rats (D:2)
36 creatures vanquished.

Vanquished Creatures (collateral kills)
  A crimson imp (D:3)
  A kobold (D:1)
  A frilled lizard (D:1)
3 creatures vanquished.

Grand Total: 39 creatures vanquished

Notes
Turn   | Place    | Note
-------+----------+-------------------------------------------
     0 | D:1      | koil the Demonspawn Necromancer began the quest for the
                  | Orb.
     0 | D:1      | Reached XP level 1. HP: 13/13 MP: 3/3
    40 | D:1      | Gained mutation: A weak demonic guardian rushes to your
                  | aid. [demonic ancestry]
    40 | D:1      | Reached XP level 2. HP: 14/20 MP: 1/5
   939 | D:2      | Reached skill level 1 in Fighting
   939 | D:2      | Reached XP level 3. HP: 20/26 MP: 2/6
  1062 | D:2      | Learned a level 3 spell: Vampiric Draining
  1129 | D:2      | Found a hide-covered altar of Uskayaw.
  1432 | D:2      | Gained mutation: A demonic guardian rushes to your aid.
                  | [demonic ancestry]
  1432 | D:2      | Reached XP level 4. HP: 32/32 MP: 7/7
  1779 | D:3      | Found a runed translucent door.
  1786 | D:3      | Noticed Taurus's ghost (amateur MiFi)
  1802 | D:3      | Found an iron altar of Okawaru.
  1812 | D:3      | Found an ornate altar of the Wu Jian Council.
  1814 | D:3      | Found a hide-covered altar of Uskayaw.
  2559 | D:3      | Found a burning altar of Makhleb.
  2559 | D:3      | Found a shimmering altar of Xom.
  2602 | D:3      | Reached skill level 5 in Necromancy
  2602 | D:3      | Reached XP level 5. HP: 10/38 MP: 9/9
  2829 | D:2      | Slain by Taurus's ghost

Illustrated notes

Levels and vault maps discovered:
D:1:      minmay_arrival_checkered_box, layout_basic
D:2:      layout_loops_ring, basic_altar
D:3:      layout_loops_corners, grunt_temple_overflow_champion_of_chaos,
          grunt_temple_overflow_open, hellmonk_ghost_happy_afterlife

Skill      XL: |  1  2  3  4 |
---------------+-------------+-----
Dodging        | 2 |  2.6
Stealth        | 2 |  2.7
Fighting       | 1 |  1.9
Necromancy     | 5 |  5.0
Spellcasting   | |  2.8

Action                   |  1- 3 |  4- 6 || total
-------------------------+-------+-------++-------
Melee: Short sword       |    78 |    70 ||   148
 Cast: Necrotise         |    15 |     5 ||    20
Evoke: Wand              |       |     2 ||     2
 Stab: Sleeping          |     5 |     5 ||    10
Armor: Robe              |    24 |    10 ||    34
Dodge: Dodged            |    46 |    37 ||    83

Table legend: (Time is in decaauts)
 A = Elapsed time spent in this place.
 B = Non-inter-level travel time spent in this place.
 C = Inter-level travel time spent in this place.
 D = Time resting spent in this place.
 E = Time spent auto-exploring this place.
 F = Levels seen in this place.
 G = Mean time per level.
                   A        B        C        D        E       F      G
               +--------+--------+--------+--------+--------+-----+--------+
         Total |   2828 |   2775 |     53 |      0 |   2376 |   3 |  942.7 |
       Dungeon |   2828 |   2775 |     53 |      0 |   2376 |   3 |  942.7 |
               +--------+--------+--------+--------+--------+-----+--------+

Top non-repeatable levels by time:
     D:3: 1054 daAuts
     D:2: 930 daAuts
     D:1: 843 daAuts
